 Dungeon Crawl Stone Soup version 0.20.0 (webtiles) character file.

83 azrac the Bolt Thrower (level 4, -5/34 HPs)
             Began as a Formicid Hunter on June 4, 2017.
             Slain by Crazy Yiuf
             ... wielding a +4 quarterstaff of chaos
              (16 damage)
             ... on level 2 of the Dungeon.
             The game lasted 00:02:32 (1932 turns).

azrac the Bolt Thrower (Formicid Hunter)            Turns: 1932, Time: 00:02:33

Health: -5/34      AC:  3    Str: 17    XL:     4   Next: 71%
Magic:  4/4        EV: 12    Int: 11    God:
Gold:   66         SH:  0    Dex: 11    Spells: 3/3 levels left

rFire    . . .     SeeInvis +   a - +1 hand crossbow
rCold    . . .     Gourm    .   (no shield)
rNeg     . . .     Faith    .   c - +0 leather armour
rPois    .         Spirit   .   (helmet unavailable)
rElec    .         Reflect  .   (no cloak)
rCorr    .         Harm     .   (no gloves)
MR       .....                  (no boots)
Stlth    +.........             (no amulet)
Regen    0.2/turn               t - ring of teleportation (curse)
MPRegen  0.1/turn               (no ring)

@: no status effects
A: permanent stasis, dig shafts and tunnels, four strong arms, antennae 3
a: Dig, Shaft Self


You were on level 2 of the Dungeon.
You were hungry.

You visited 1 branch of the dungeon, and saw 2 of its levels.

You collected 66 gold pieces.

Inventory:

Hand Weapons
 a - a +1 hand crossbow (weapon)
 b - a +0 dagger of electrocution
Missiles
 d - 14 bolts (quivered)
Armour
 c - a +0 leather armour (worn)
Jewellery
 t - a cursed ring of teleportation (left hand)
Scrolls
 h - 4 scrolls of teleportation {unknown}
 j - a scroll of identify {unknown}
 m - a scroll of immolation {unknown}
 n - 2 scrolls of remove curse {unknown}
 o - a scroll of fear {unknown}
 p - a scroll of enchant weapon {unknown}
 r - a scroll of random uselessness {unknown}
 u - a scroll of magic mapping {unknown}
Potions
 e - 2 potions of degeneration {unknown}
 i - a potion of brilliance {unknown}
 k - a potion of haste {unknown}
 s - a potion of might {unknown}
Comestibles
 f - 3 bread rations
 g - a chunk of flesh
 l - a meat ration
 q - a royal jelly


   Skills:
 + Level 2.5 Fighting
 * Level 5.1 Crossbows
 + Level 1.0 Armour
 + Level 2.4 Dodging
 - Level 1.2 Stealth


You had 3 spell levels left.
You didn't know any spells.

Dungeon Overview and Level Annotations

Branches:
Dungeon (2/15)

Altars:

Annotations:
D:2 Crazy Yiuf


Innate Abilities, Weirdness & Mutations

You cannot be hasted, slowed, berserked, paralysed or teleported.
You can dig through walls and to a lower floor.
Your four strong arms can wield two-handed weapons with a shield.
You have a pair of large antennae on your head. (SInv)


Message History

Press: ? - help, Shift-Dir - straight line, f/p - Crazy Yiuf
Aim: Crazy Yiuf, wielding a quarterstaff of chaos and wearing a glowing cloak (moderately wounded)
You shoot a bolt. The bolt barely misses Crazy Yiuf.
Firing (i - inventory):
d - 16 bolts (quivered)
Press: ? - help, Shift-Dir - straight line, f/p - Crazy Yiuf
Aim: Crazy Yiuf, wielding a quarterstaff of chaos and wearing a glowing cloak (moderately wounded)
You shoot a bolt.
The bolt hits Crazy Yiuf but does no damage.
Crazy Yiuf is moderately wounded.
Crazy Yiuf cries, "Ghoul!
Proton high King."
Crazy Yiuf hits you with a quarterstaff of chaos!
Crazy Yiuf freezes you.
Firing (i - inventory):
d - 15 bolts (quivered)
Press: ? - help, Shift-Dir - straight line, f/p - Crazy Yiuf
Aim: Crazy Yiuf, wielding a quarterstaff of chaos and wearing a glowing cloak (moderately wounded)
You shoot a bolt. The bolt hits Crazy Yiuf.
Crazy Yiuf is heavily wounded.
Crazy Yiuf hits you with a quarterstaff of chaos!
You are electrocuted!
You die...

#.###.....####....#
#....# ..........##
##..## #.....
#.###.#....# ♣....♣
#....# ......#....#
♣...♣♣ ####.#
#####......# ♣♣.♣♣
#.. # #...#### ♣.♣♣
### # #...### ♣♣.♣
# #.....# ♣.♣♣
#####...#.## ♣♣@♣
...........# #g#
##.###.....# ...
##.####....# #...#
......#....# #.()#
##.##)#...[# #####
#..##.######
#.###<# ### ......#
##########.#


You could see Crazy Yiuf.

Vanquished Creatures
  4 oozes
  3 dart slugs
  2 leopard geckos
  8 bats
  4 giant cockroaches
  4 goblins
  5 hobgoblins
  8 jackals
  A ball python (D:2)
  4 frilled lizards
  4 kobolds
  6 rats
53 creatures vanquished.

Notes
Turn   | Place    | Note
-------+----------+-------------------------------------------
     0 | D:1      | azrac the Formicid Hunter began the quest for the Orb.
     0 | D:1      | Reached XP level 1. HP: 16/16 MP: 1/1
   367 | D:1      | Reached XP level 2. HP: 16/23 MP: 2/2
   491 | D:1      | Reached XP level 3. HP: 27/28 MP: 3/3
  1084 | D:1      | Reached XP level 4. HP: 34/34 MP: 4/4
  1448 | D:2      | Reached skill level 5 in Crossbows
  1454 | D:2      | Reached skill level 1 in Armour
  1617 | D:2      | Found a runed door.
  1927 | D:2      | Noticed Crazy Yiuf
  1932 | D:2      | Slain by Crazy Yiuf

Skill      XL: |  1  2  3  4 |
---------------+-------------+-----
Dodging        | 2 |  2.4
Crossbows      | 5 |  5.1
Armour         | 1 |  1.0
Fighting       | |  2.5
Stealth        | |  1.2

Action                   |  1- 3 |  4- 6 || total
-------------------------+-------+-------++-------
Melee: Short sword       |    29 |       ||    29
       Dagger            |    76 |    98 ||   174
 Fire: Hand crossbow     |     3 |     5 ||     8
 Stab: Sleeping          |     1 |     1 ||     2
  Eat: Chunk             |     1 |     2 ||     3
Armor: Leather armour    |    28 |    22 ||    50
Dodge: Dodged            |    75 |    60 ||   135
